 Dungeon Crawl Stone Soup version 0.28-a0-674-gdaf460b524 (webtiles) character file.

Game seed: 5098500782286742381

1 hellse the Sneak (level 1, 0/11 HPs)
             Began as a Vine Stalker Delver on Oct 17, 2021.
             Slain by a kobold (3 damage)
             ... on level 4 of the Dungeon.
             The game lasted 00:00:20 (63 turns).

hellse the Sneak (Vine Stalker Delver)                Turns: 63, Time: 00:00:20

Health: 0/11       AC:  8    Str: 14    XL:     1   Next: 20%
Magic:  0/2        EV:  6    Int: 10    God:
Gold:   0          SH:  0    Dex: 15    Spells: 0/0 levels left

rFire   . . .      SeeInvis .     - Unarmed
rCold   . . .      Faith    .   (no shield)
rNeg    . . .      Spirit   +   c - +0 chain mail
rPois   .          Reflect  .   (no helmet)
rElec   .          Harm     .   (no cloak)
rCorr   .          Rampage  .   (no gloves)
Will    .....                   (no boots)
Stlth   ..........              (no amulet)
HPRegen 0.03/turn               (no ring)
MPRegen 0.08/turn               (no ring)

@: no status effects
A: fangs 2, magic shield, antimagic bite, no potion heal 2
a: no special abilities


You were on level 4 of the Dungeon.
You visited 1 branch of the dungeon, and saw 2 of its levels.

Inventory:

Armour
 a - a +0 leather armour
 c - a +0 chain mail (worn)
Wands
 f - a wand of digging (3)
Scrolls
 b - a scroll of fog
 d - a scroll of fear
Potions
 e - a potion of haste


   Skills:
 - Level 2.6 Fighting
 - Level 1.5 Dodging
 - Level 6.0 Stealth
 + Level 2.1 Unarmed Combat


You couldn't memorise any spells.
You didn't know any spells.
Your spell library was empty.

Dungeon Overview and Level Annotations

Branches:
Dungeon (5/15)
 Temple: D:4-7

Altars:


Innate Abilities, Weirdness & Mutations

You have extremely sharp teeth.
When hurt, damage is shared between your health and your magic reserves.
Your bite disrupts and absorbs the magic of your enemies.
Potions cannot restore your health.


Message History

The quokka bites you but does no damage.
Your chain mail prevents you from hitting the quokka.
The quokka is moderately wounded.
The quokka bites you but does no damage.
Your chain mail prevents you from hitting the quokka.
The quokka is moderately wounded.
The quokka bites you but does no damage.
You hit the quokka but do no damage.
The quokka is moderately wounded.
The quokka bites you but does no damage.
You miss the quokka. Your punch misses the quokka. You bite the quokka.
You drain its power.
You feel invigorated.
The quokka is almost dead.
The quokka closely misses you.
You hit the quokka.
You kill the quokka!
The kobold throws a stone.
The stone hits you but does no damage.
The kobold hits you with a +0 short sword.
You hit the kobold.
The kobold is severely wounded.
The kobold hits you but does no damage.
You hit the kobold but do no damage. You bite the kobold, but do no damage.
The kobold is severely wounded.
The kobold hits you with a +0 short sword.
You closely miss the kobold.
The kobold is severely wounded.
The kobold hits you but does no damage.
You hit the kobold but do no damage.
The kobold is severely wounded.
The kobold hits you but does no damage.
You completely miss the kobold.
The kobold is severely wounded.
You closely miss the kobold.
The kobold is severely wounded.
The kobold hits you with a +0 short sword.
* * * LOW HITPOINT WARNING * * *
You barely miss the kobold. Your bite misses the kobold.
The kobold is severely wounded.
The kobold hits you with a +0 short sword.
You die...

#.?## #...##
. #....###..
#..#......
##..#......
..#####.....#
...........##
#..#####.<.##
#....>@K..##
########...#
#..........
#..........
#######.### #


You could see a kobold.

Vanquished Creatures
  A quokka (D:4)
1 creature vanquished.

Notes
Turn   | Place    | Note
-------+----------+-------------------------------------------
     0 | D:5      | hellse the Vine Stalker Delver began the quest for the Orb.
     0 | D:5      | Reached XP level 1. HP: 11/11 MP: 2/2
    63 | D:4      | Slain by a kobold

Illustrated notes

Levels and vault maps discovered:
D:4:      layout_loops_ring, marbit_many_paths, palyth_stone_intersect,
          corexii_item_surrounded_by_moat
D:5:      layout_gridville, serial_shops, nicolae_shop_crystal,
          minmay_misc_feat_pillars, uniq_prince_ribbit1, uniq_grinder

Action                   || total
-------------------------++-------
Melee: Unarmed           ||    22
       Bite              ||     3
  Use: Scroll            ||     1
Armor: Chain mail        ||    16
Dodge: Dodged            ||     5

Table legend: (Time is in decaauts)
 A = Elapsed time spent in this place.
 B = Non-inter-level travel time spent in this place.
 C = Inter-level travel time spent in this place.
 D = Time resting spent in this place.
 E = Time spent auto-exploring this place.
 F = Levels seen in this place.
 G = Mean time per level.
                   A        B        C        D        E       F      G
               +--------+--------+--------+--------+--------+-----+--------+
         Total |     62 |     51 |     11 |      0 |      0 |   2 |   31.0 |
       Dungeon |     62 |     51 |     11 |      0 |      0 |   2 |   31.0 |
               +--------+--------+--------+--------+--------+-----+--------+

Top non-repeatable levels by time:
     D:4: 49 daAuts
     D:5: 13 daAuts
